 Dungeon Crawl Stone Soup version 0.19.4-8-ga85b6b9 (console) character file.

65 Grinner the Ruffian (level 3, 0/28 HPs)
             Began as a Minotaur Transmuter on Feb 8, 2017.
             Slain by a gnoll
             ... wielding a +0 spear
              (3 damage)
             ... on level 2 of the Dungeon.
             The game lasted 00:03:10 (1581 turns).

Grinner the Ruffian (Minotaur Transmuter)           Turns: 1581, Time: 00:03:11

Health: 0/28       AC:  2    Str: 15    XL:     3   Next: 92%
Magic:  4/4        EV: 12    Int: 10    God:
Gold:   61         SH:  0    Dex: 10    Spells: 1 memorised, 3 levels left

rFire  . . .     SeeInvis .     a - +5 dagger
rCold  . . .     Gourm    .     b - +0 robe
rNeg   . . .     Faith    .     (no shield)
rPois  .         Spirit   .     (helmet restricted)
rElec  .         Reflect  .     (no cloak)
rCorr  .         Harm     .     (no gloves)
MR     .....                    (boots currently unavailable)
Stlth  +.........               (no amulet)
                                (no ring)
                                (no ring)

@: appendage (expiring)
A: retaliatory headbutt, horns 2, talons 3
a: End Transformation


You were on level 2 of the Dungeon.
You were not hungry.
You had grown temporary talons.
You visited 1 branch of the dungeon, and saw 2 of its levels.

You collected 61 gold pieces.

Inventory:

Hand Weapons
 a - a +5 dagger (weapon)
Missiles
 f - 12 arrows
Armour
 b - a +0 robe (worn)
Scrolls
 g - 3 scrolls of enchant armour {unknown}
 k - a scroll of amnesia {unknown}
 l - a scroll of remove curse {unknown}
 m - a scroll of identify {unknown}
Books
 c - a book of Changes

   Spells                             Type                      Level
   a - Beastly Appendage              Transmutation                1
   b - Sticks to Snakes               Transmutation                2
   c - Spider Form                    Transmutation/Poison         3
   d - Ice Form                       Ice/Transmutation            4
   e - Blade Hands                    Transmutation                5
Comestibles
 d - 2 bread rations
 i - 2 meat rations


   Skills:
 - Level 1.2 Fighting
 + Level 2.9 Dodging
 + Level 4.1 Unarmed Combat
 - Level 1.3 Spellcasting
 * Level 2.5 Transmutations


You had 3 spell levels left.
You knew the following spells:

 Your Spells              Type           Power        Failure   Level  Hunger
z - Beastly Appendage     Tmut           #.....       14%         1    ##.....


Dungeon Overview and Level Annotations

Branches:
Dungeon (2/15)

Altars:


Innate Abilities, Weirdness & Mutations

You reflexively headbutt those who attack you in melee.
You have a pair of horns on your head.
You have claws for feet.


Message History

Your transformation is almost over.
The gnoll hits you from afar with a spear!
* * * LOW HITPOINT WARNING * * *
You are too injured to fight recklessly!
You feel better. The gnoll misses you. The gnoll completely misses you.
You hit the gnoll.
The gnoll is severely wounded.
The gnoll barely misses you. The gnoll misses you.
You hit the gnoll.
You kill the gnoll!
The gnoll hits you from afar with a spear!
* * * LOW HITPOINT WARNING * * *
The gnoll barely misses you.
Things that are here:
a halberd; a gnoll corpse You barely miss the gnoll.
The gnoll hits you with a spear.
* * * LOW HITPOINT WARNING * * *
You barely miss the gnoll. Your kick misses the gnoll.
Your headbutt misses the gnoll. The gnoll hits you with a spear.
You die...

#.# #.# #.# #.# ....
#.# #.. .... ######.###
##. #..#. #........# ##
.... #.####.#.# #
.##... #.# ##...#
......#####(###....####
#..#..g@.(.)..........+
......÷.###÷.......####
..[.#.).# ###.......#
........# #.#.###.#
.....#..# #.#.# .#
.......## #.#.# .#
####.## #.#.. .# .
#.##. .# # #.# .# .#


You could see a gnoll.

Vanquished Creatures
  3 gnolls (D:2)
  A worm (D:2)
  3 dart slugs (D:1)
  2 giant cockroaches
  4 goblins
  A hobgoblin (D:2)
  A quokka (D:2)
  2 ball pythons
  A bat (D:1)
  6 frilled lizards (D:1)
  3 kobolds (D:1)
  3 rats
30 creatures vanquished.

Notes
Turn   | Place    | Note
-------+----------+-------------------------------------------
     0 | D:1      | Grinner the Minotaur Transmuter began the quest for the Orb.
     0 | D:1      | Reached XP level 1. HP: 16/16 MP: 1/1
   510 | D:1      | Reached XP level 2. HP: 23/23 MP: 3/3
  1342 | D:2      | Reached XP level 3. HP: 25/28 MP: 2/4
  1359 | D:2      | Reached skill level 4 in Unarmed Combat
  1581 | D:2      | Slain by a gnoll

Skill      XL: |  1  2  3 |
---------------+----------+-----
Transmutations | 2 |  2.5
Unarmed Combat | 4 |  4.1
Fighting       | |  1.2
Dodging        | |  2.9
Spellcasting   | |  1.3

Action                   || total
-------------------------++-------
Melee: Dagger            ||    67
       Unarmed           ||     4
       Headbutt          ||     7
       Punch             ||     1
       Kick              ||     3
 Cast: Beastly Appendage ||     5
  Use: Scroll            ||     1
       Potion            ||     4
 Stab: Distracted        ||     1
       Sleeping          ||     1
  Eat: Chunk             ||     2
Armor: Robe              ||     9
Dodge: Dodged            ||    50
